 Dungeon Crawl Stone Soup version 0.30-a0-475-g03497ec522 (webtiles) character file.

Game seed: 17523360139016887588

7 IdlyInterested the Ducker (level 1, 0/16 HPs)
             Began as a Demonspawn Gladiator on Dec 20, 2022.
             Slain by a frilled lizard (1 damage)
             ... on level 1 of the Dungeon.
             The game lasted 00:00:54 (62 turns).

IdlyInterested the Ducker (Demonspawn Gladiator)      Turns: 62, Time: 00:00:54

Health: 0/16       AC:  4    Str: 14    XL:     1   Next: 83%
Magic:  1/1        EV: 12    Int:  9    God:
Gold:   0          SH:  0    Dex: 14    Spells: 0/0 levels left

rFire   . . .      SeeInvis .    a - +0 long sword
rCold   . . .      Faith    .    (no shield)
rNeg    . . .      Spirit   .    b - +0 leather armour
rPois   .          Reflect  .    c - +0 helmet
rElec   .          Harm     .    (no cloak)
rCorr   .          Rampage  .    (no gloves)
Will    .....                    (no boots)
Stlth   +.........               (no amulet)
HPRegen 0.22/turn                (no ring)
MPRegen 0.07/turn                (no ring)

@: no status effects
A: no striking features
a: no special abilities


You were on level 1 of the Dungeon.
You visited 1 branch of the dungeon, and saw 1 of its levels.

Inventory:

Hand Weapons
 a - a +0 long sword (weapon)
 f - a +0 short sword
Missiles
 d - 3 throwing nets (quivered)
 e - a javelin
Armour
 b - a +0 leather armour (worn)
 c - a +0 helmet (worn)
Scrolls
 g - a scroll of identify {unknown}
 h - 3 scrolls of teleportation {unknown}


   Skills:
 - Level 2.0 Fighting
 + Level 2.9 Long Blades
 * Level 1.7 Throwing
 - Level 3.0 Dodging


You couldn't memorise any spells.
You didn't know any spells.
Your spell library was empty.

Dungeon Overview and Level Annotations

Branches:
Dungeon (1/15)

Altars:


Message History

You kill the hobgoblin!
The giant cockroach bites you but does no damage.
The frilled lizard bites you.
You hit the giant cockroach but do no damage.
The giant cockroach closely misses you. The frilled lizard barely misses you.
The giant cockroach waves its antennae.
The giant cockroach barely misses you.
You barely miss the giant cockroach. The frilled lizard closely misses you.
The giant cockroach bites you but does no damage.
You closely miss the giant cockroach. The goblin misses you.
The frilled lizard bites you. The giant cockroach misses you.
The goblin barely misses you. The frilled lizard closely misses you.
The giant cockroach misses you.
You hit the giant cockroach.
The giant cockroach is severely wounded.
The giant cockroach bites you but does no damage.
The goblin barely misses you.
The frilled lizard completely misses you.
You hit the giant cockroach.
You kill the giant cockroach!
The goblin hits you but does no damage.
A rat comes into view.
The frilled lizard closely misses you.
Training target 3.0 for Dodging reached!
Your Dodging skill increases to level 3!
You hit the endoplasm but do no damage. The goblin hits you with a +0 club.
The frilled lizard completely misses you.
The endoplasm freezes you.
You are frozen.
You hit the endoplasm but do no damage. The endoplasm freezes you.
You are frozen.
The frilled lizard closely misses you. The goblin hits you with a +0 club.
* * * LOW HITPOINT WARNING * * *
The goblin barely misses you. The endoplasm freezes you.
You are frozen.
* * * LOW HITPOINT WARNING * * *
The frilled lizard bites you.
You die...

.........##8###8# #
#............#
#.#......#.....# #
##.#......#..<..# .##
..........#.....#...
...........#........
#.#.......##8###8##...
# ###......#.....#....
#...)....@........
#..#....lgJ...r...
#..#.####........(
....#†# #.#######.
.### ..# ... # ...#
.... #...# .....!
....# ....... #....#
......


You could see an endoplasm, a goblin, a frilled lizard and a rat.

Vanquished Creatures
  A dart slug (D:1)
  An endoplasm (D:1)
  A giant cockroach (D:1)
  A hobgoblin (D:1)
4 creatures vanquished.

Notes
Turn   | Place    | Note
-------+----------+-------------------------------------------
     0 | D:1      | IdlyInterested the Demonspawn Gladiator began the quest for
                  | the Orb.
     0 | D:1      | Reached XP level 1. HP: 16/16 MP: 1/1
    61 | D:1      | Reached skill level 3 in Dodging
    62 | D:1      | Slain by a frilled lizard

Illustrated notes

Levels and vault maps discovered:
D:1:      scummos_arrival_simple_crosswalls, layout_rooms, serial_shops,
          nicolae_diamond_shop, chequers_serial_rivers_micro_c, moated_statue

Skill      XL: |  1 |
---------------+----+-----
Dodging        | 3 |  3.0
Fighting       | |  2.0
Long Blades    | |  2.9
Throwing       | |  1.7

Action                   || total
-------------------------++-------
Melee: Long sword        ||    16
       Punch             ||     1
Armor: Leather armour    ||     6
Dodge: Dodged            ||    21

Table legend: (Time is in decaauts)
 A = Elapsed time spent in this place.
 B = Non-inter-level travel time spent in this place.
 C = Inter-level travel time spent in this place.
 D = Time resting spent in this place.
 E = Time spent auto-exploring this place.
 F = Levels seen in this place.
 G = Mean time per level.
                   A        B        C        D        E       F      G
               +--------+--------+--------+--------+--------+-----+--------+
         Total |     65 |     65 |      0 |     21 |      2 |   1 |   65.0 |
       Dungeon |     65 |     65 |      0 |     21 |      2 |   1 |   65.0 |
               +--------+--------+--------+--------+--------+-----+--------+

Top non-repeatable levels by time:
     D:1: 65 daAuts
